 Dungeon Crawl Stone Soup version 0.22-a0-448-g1fb7470 (webtiles) character file.

103 xccam the Changer (level 4, -7/35 HPs)
             Began as a Draconian Transmuter on June 4, 2018.
             Killed by nerve-wracking pain
             ... invoked by an orc priest
              (8 damage)
             ... on level 3 of the Dungeon.
             The game lasted 00:04:59 (2018 turns).

xccam the Changer (Draconian Transmuter)            Turns: 2018, Time: 00:05:00

Health: -7/35      AC:  5    Str: 13    XL:     4   Next: 51%
Magic:  0/8        EV: 12    Int: 14    God:
Gold:   79         SH:  0    Dex: 11    Spells: 5/8 levels left

rFire    . . .     SeeInvis .     - Unarmed
rCold    . . .     Gourm    .   (no shield)
rNeg     . . .     Faith    .   (armour unavailable)
rPois    .         Spirit   .   (helmet restricted)
rElec    .         Reflect  .   (no cloak)
rCorr    .         Harm     .   (no gloves)
MR       .....                  (no boots)
Stlth    +.........             (no amulet)
HPRegen  0.11/turn              (no ring)
MPRegen  0.11/turn              (no ring)

@: appendage, very slightly contaminated
A: unfitting armour, horns 2, cold-blooded, AC +5
a: End Transformation


You were on level 3 of the Dungeon.
You were not hungry.
You had grown temporary horns.
You visited 1 branch of the dungeon, and saw 3 of its levels.

You collected 79 gold pieces.

Inventory:

Missiles
 a - 23 arrows
Jewellery
 k - a +5 ring of intelligence {unknown}
Wands
 l - a wand of digging (18)
Scrolls
 b - a scroll of identify
 d - a scroll of enchant armour {unknown}
 e - 2 scrolls of fog
 g - 2 scrolls of remove curse
 i - 3 scrolls of teleportation
 j - a scroll of random uselessness {unknown}
Potions
 f - a potion of mutation
 h - a potion of brilliance
Comestibles
 c - 4 rations
 m - a chunk of flesh


   Skills:
 - Level 1.1 Fighting
 - Level 1.7 Dodging
 + Level 3.6 Unarmed Combat
 + Level 2.7 Spellcasting
 * Level 3.7 Transmutations


You had 5 spell levels left.
You knew the following spells:

 Your Spells              Type           Power        Failure   Level  Hunger
a - Beastly Appendage     Tmut           ##....       4%          1    #......
b - Sticks to Snakes      Tmut           ##......     8%          2    ###....

Your spell library contained the following spells:

 Spells                   Type           Power        Failure   Level  Hunger
 Spider Form              Tmut/Pois      #.........   30%         3    ###....
 Blade Hands              Tmut           ##........   80%         5    ######.
 Ice Form                 Ice/Tmut       #.......     71%         4    #####..


Dungeon Overview and Level Annotations

Branches:
Dungeon (3/15)

Altars:
Dithmenos
Wu Jian


Innate Abilities, Weirdness & Mutations

Your plain brown scales are hard. (AC +5)
You cannot fit into any form of body armour.
You are cold-blooded and may be slowed by cold attacks.
You have a pair of horns on your head.


Message History

Casting: Sticks to Snakes (safe; 8% risk of failure)
Confirm with . or Enter, or press ? or * to list all spells.
You grow a pair of large bovine horns.
The orc hits you with a mace.
The orc priest hits you but does no damage.
The orc warrior closely misses you.
Your adder bites the orc warrior but does no damage.
The orc priest closely misses you. The orc completely misses you.
Your adder barely misses the orc warrior.
You barely miss the orc priest. The orc priest misses you. The orc misses you.
Your ball python bites the orc priest but does no damage.
Your ball python grabs the orc priest.
Your ball python constricts the orc priest.
Your adder bites the orc priest but does no damage.
You hit the orc priest but do no damage.
The orc warrior hits you with a dire flail!!
Ouch! That really hurt!
* * * LOW HITPOINT WARNING * * *
The orc priest mumbles some strange prayers to Beogh against you.
Pain shoots through your body!
You die...

## ### #.## #.# ##..##
#.# #.#..## #.#
#######.##))###.########
..............Soo.......
##.####.#####.So@#######
#.# #.# ##...#...
##.####.######...#.#####
........##..............
...............>........
........................
.#####<.................
.#####...........#.#####
............##...#.#


You could see an orc warrior, an orc priest, an orc, a friendly adder and a
friendly ball python.

Vanquished Creatures
  3 adders (D:2)
  2 oozes
  2 worms (D:2)
  A leopard gecko (D:2)
  An orc (D:3)
  10 goblins
  5 hobgoblins
  3 jackals (D:1)
  5 kobolds
  2 ball pythons (D:2)
  9 bats
  12 frilled lizards
  10 rats
65 creatures vanquished.

Notes
Turn   | Place    | Note
-------+----------+-------------------------------------------
     0 | D:1      | xccam the Draconian Transmuter began the quest for the Orb.
     0 | D:1      | Reached XP level 1. HP: 16/16 MP: 3/3
    78 | D:1      | Reached XP level 2. HP: 18/23 MP: 5/5
   187 | D:1      | Learned a level 2 spell: Sticks to Snakes
   666 | D:1      | Reached XP level 3. HP: 28/28 MP: 6/6
  1422 | D:2      | Reached XP level 4. HP: 35/35 MP: 7/7
  1604 | D:2      | Found a shadowy altar of Dithmenos.
  1611 | D:2      | Found an ornate altar of the Wu Jian Council.
  2005 | D:3      | Noticed an orc warrior
  2018 | D:3      | HP: 1/35 [orc warrior/dire flail (24)]
  2018 | D:3      | Killed from afar by an orc priest

Vault maps used:
D:1:      dpeg_arrival_refuge
D:2:      amethyst_overflow_temple_binary

Skill      XL: |  1  2  3 |
---------------+----------+-----
Transmutations | 3 |  3.7
Fighting       | |  1.1
Dodging        | |  1.7
Unarmed Combat | |  3.6
Spellcasting   | |  2.7

Action                   |  1- 3 |  4- 6 || total
-------------------------+-------+-------++-------
Melee: Unarmed           |   170 |    70 ||   240
       Tailslap          |    17 |    11 ||    28
       Punch             |     3 |     2 ||     5
 Cast: Beastly Appendage |     1 |     3 ||     4
       Sticks to Snakes  |       |     3 ||     3
  Use: Scroll            |     6 |       ||     6
 Stab: Sleeping          |     3 |       ||     3
  Eat: Chunk             |     1 |     3 ||     4
Armor: Skin              |    78 |    19 ||    97
Dodge: Dodged            |   155 |    56 ||   211

Table legend:
 A = Spawn XP
 B = Non-spawn XP
 C = Spawn XP percentage of total XP
 D = Spawn monster count
 E = Non-spawn monster count
 F = Spawn count percentage of total count
 G = Total turns spent on level
                    A         B        C        D         E        F      G
               +---------+---------+-------+---------+---------+-------+---------
         Total |       0 |     148 |   0.0 |       0 |      65 |   0.0 |  2018
               +---------+---------+-------+---------+---------+-------+---------
           D:1 |       0 |      43 |   0.0 |       0 |      30 |   0.0 |   796
           D:2 |       0 |      84 |   0.0 |       0 |      25 |   0.0 |  1077
           D:3 |       0 |      21 |   0.0 |       0 |      10 |   0.0 |   145
               +---------+---------+-------+---------+---------+-------+---------
